 Dungeon Crawl Stone Soup version 0.31-a0-574-g69dc8cc98e (webtiles) character file.

Game seed: 16796398323359405005

364 thirtiethelement the Grave Robber (level 6, -7/44 HPs)
             Began as a Demonspawn Necromancer on Aug 19, 2023.
             Mangled by Grinder (11 damage)
             ... on level 3 of the Dungeon.
             The game lasted 00:08:04 (2270 turns).

thirtiethelement the Grave Robber (DsNe)            Turns: 2270, Time: 00:08:04

Health: -7/44      AC:  4    Str:  8    XL:     6   Next: 39%
Magic:  12/12      EV: 12    Int: 17    God:
Gold:   155        SH:  0    Dex: 15    Spells: 9/13 levels left

rFire   . . .        k - +3 quarterstaff (chaos)
rCold   . . .        (shield currently unavailable)
rNeg    . . .        a - +0 robe
rPois   +            (no helmet)
rElec   .            l - +0 cloak
rCorr   .            (no gloves)
SInv    .            (no boots)
Will    .....        (no amulet)
Stlth   ++           j - ring of poison resistance
HPRegen 0.27/turn    (no ring)
MPRegen 0.13/turn

%: no passive effects
@: hasted, very quick
A: rugged brown scales 1, spiny 2, weakness stinger 1
a: no special abilities


You were on level 3 of the Dungeon.
You visited 1 branch of the dungeon, and saw 3 of its levels.

You collected 155 gold pieces.

Inventory:

Hand Weapons
 c - a +1 dagger
 h - a +2 sling of freezing
 k - a +3 quarterstaff of chaos (weapon)
 m - a +0 hammer
Missiles
 d - 2 atropa-tipped darts
Armour
 a - a +0 robe (worn)
 l - a +0 cloak (worn)
Jewellery
 j - a ring of poison resistance (left hand)
Scrolls
 e - a scroll of noise
 o - a scroll of identify
Potions
 b - a potion of magic
 f - 2 potions of lignification
 i - a potion of heal wounds {unknown}
 n - a potion of might {unknown}


   Skills:
 + Level 1.1 Fighting
 + Level 1.0 Short Blades
 + Level 0.9 Staves
 + Level 2.1 Dodging
 + Level 2.3 Stealth
 + Level 0.1 Unarmed Combat
 + Level 4.2 Spellcasting
 + Level 6.0 Necromancy


You had 9 spell levels left.
You knew the following spells:

 Your Spells              Type           Power      Damage    Failure   Level
a - Necrotise             Necr           96%        1d8       1%          1
b - Vampiric Draining     Necr           24%        2d7       3%          3

Your spell library contained the following spells:

 Spells                   Type           Power      Damage    Failure   Level
 Animate Dead             Necr           24%        N/A       13%         4
 Shock                    Conj/Air       12%        1d3       16%         1
 Agony                    Necr           24%        N/A       34%         5
 Swiftness                Air            3%         N/A       43%         3
 Borgnjor's Vile Clutch   Necr/Erth      6%         N/A       77%         5
 Airstrike                Air            1%         2d(1-17)  83%         4
 Death Channel            Necr           12%        N/A       89%         6


Dungeon Overview and Level Annotations

Branches:
Dungeon (3/15)

Altars:
Gozag

Annotations:
D:3 Grinder


Innate Abilities, Weirdness & Mutations

You are partially covered in rugged brown scales. (AC +1, +3% HP)
You are mostly covered in sharp spines.
You have a small tail.


Message History

The endoplasm seems to slow down.
The endoplasm is lightly wounded.
You hit the endoplasm.
You kill the endoplasm!
f - 2 potions of lignification (gained 1)
You can't see any susceptible monsters within range! (Use Z to cast anyway.)
o - a scroll of identify
Found an opulent altar of Gozag.
Grinder comes into view.
Found 10 gold pieces.
Grinder shouts!
Grinder gestures at you.
You suddenly lose the ability to move!
Grinder gestures at you. Pain shoots through your body!
You can move again.
Grinder gestures at you.
You shrug off the repeated paralysis!
There is an opulent altar of Gozag here.
You barely miss Grinder. Grinder is struck by your spines. Grinder hits you.
You writhe in agony.
Grinder barely misses you.
You closely miss Grinder.
Grinder is lightly wounded.
Grinder gestures at you. Pain shoots through your body!
Casting: Necrotise (safe; 1% risk of failure)
Confirm with . or Enter, or press ? or * to list all spells.
You can't see any susceptible monsters within range! (Use Z to cast anyway.)
You hit Grinder.
Grinder seems to grow stronger.
Grinder is moderately wounded.
Grinder hits you!
* * * LOW HITPOINT WARNING * * *
You writhe in agony.
* * * LOW HITPOINT WARNING * * *
Unknown command.
Press < or > to pray at altars.
It was a potion of haste.
You feel yourself speed up. Grinder is struck by your spines. Grinder hits you!
You die...
Grinder says, "Now the real fun starts!"

### ...
..# ###.##
#....
#.#5###
#..@..#
##.###.#.#
#..#$....#
#.####.###
#.##.#.#
#.##...#
#.##.###
#.##.#
#....#


You could see Grinder (strong).

Vanquished Creatures
  Sigmund (D:2)
  Crazy Yiuf (D:2)
  Jessica (D:3)
  Terence (D:2)
  4 gnolls (D:2)
  2 adders (D:2)
  2 worms (D:2)
  2 dart slugs (D:1)
  An orc (D:3)
  8 ball pythons
  2 endoplasms
  2 giant cockroaches
  6 goblins
  7 hobgoblins
  6 jackals
  4 kobolds
  2 quokkas (D:2)
  2 bats
  A frilled lizard (D:2)
  4 rats
59 creatures vanquished.

Vanquished Creatures (collateral kills)
  A bat (D:1)
  A rat (D:1)
2 creatures vanquished.

Grand Total: 61 creatures vanquished

Notes
Turn   | Place    | Note
-------+----------+-------------------------------------------
     0 | D:1      | thirtiethelement the Demonspawn Necromancer began the quest
                  | for the Orb.
     0 | D:1      | Reached XP level 1. HP: 13/13 MP: 3/3
   142 | D:1      | Gained mutation: You are partially covered in sharp spines.
                  | [demonic ancestry]
   142 | D:1      | Reached XP level 2. HP: 19/19 MP: 3/5
   304 | D:1      | Reached skill level 5 in Necromancy
   572 | D:1      | Gained mutation: You are mostly covered in sharp spines.
                  | [demonic ancestry]
   572 | D:1      | Reached XP level 3. HP: 24/24 MP: 6/6
   910 | D:2      | Reached skill level 1 in Fighting
  1087 | D:2      | Gained mutation: You are partially covered in rugged brown
                  | scales. (AC +1, +3% HP) [demonic ancestry]
  1087 | D:2      | Reached XP level 4. HP: 23/32 MP: 8/8
  1096 | D:2      | Learned a level 3 spell: Vampiric Draining
  1371 | D:2      | Noticed Terence
  1381 | D:2      | Killed Terence
  1601 | D:2      | Reached XP level 5. HP: 38/38 MP: 7/10
  1706 | D:2      | Found a runed translucent door.
  1707 | D:2      | Noticed Crazy Yiuf
  1714 | D:2      | Killed Crazy Yiuf
  1890 | D:2      | Found a faded altar of an unknown god.
  1904 | D:2      | Noticed Sigmund
  1912 | D:2      | Killed Sigmund
  1913 | D:2      | Reached skill level 1 in Short Blades
  1913 | D:2      | Reached skill level 6 in Necromancy
  1913 | D:2      | Gained mutation: You have a small tail. [demonic ancestry]
  1913 | D:2      | Reached XP level 6. HP: 24/44 MP: 10/12
  2191 | D:3      | Noticed Jessica
  2194 | D:3      | Killed Jessica
  2260 | D:3      | Found an opulent altar of Gozag.
  2261 | D:3      | Noticed Grinder
  2263 | D:3      | Paralysed by Grinder for 2 turns
  2270 | D:3      | Mangled by Grinder

Illustrated notes

Levels and vault maps discovered:
D:1:      wheals_arrival_shading, layout_basic, dreamdust_wishing_well
D:2:      layout_basic, dreamdust_ecumenical_altar_statues,
          uniq_crazy_yiuf_cottage, uniq_terence, uniq_sigmund
D:3:      layout_loops_ring, nicolae_uskayaw_dance_hall,
          nicolae_gozag_cash_rules_everything_around_me, minmay_close_crescents,
          uniq_jessica, uniq_grinder

Skill      XL: |  1  2  3  4  5 |
---------------+----------------+-----
Necromancy     | 5 6 |  6.0
Fighting       | 1 |  1.1
Stealth        | 2 |  2.3
Spellcasting   | 3 4 |  4.2
Short Blades   | 1 |  1.0
Dodging        | 2 |  2.1
Staves         | |  0.9
Unarmed Combat | |  0.1

Action                     |  1- 3 |  4- 6 || total
---------------------------+-------+-------++-------
  Melee: Unarmed           |    13 |       ||    13
         Dagger            |    46 |    11 ||    57
         Punch             |     1 |       ||     1
         Quarterstaff      |       |    17 ||    17
   Cast: Necrotise         |    38 |    16 ||    54
         Vampiric Draining |       |     7 ||     7
    Use: Scroll            |     3 |     2 ||     5
         Potion            |       |     1 ||     1
   Stab: Sleeping          |     4 |     3 ||     7
         Distracted        |     1 |       ||     1
 Armour: Robe              |    12 |     3 ||    15
  Dodge: Dodged            |    34 |    16 ||    50

Table legend: (Time is in decaauts)
 A = Elapsed time spent in this place.
 B = Non-inter-level travel time spent in this place.
 C = Inter-level travel time spent in this place.
 D = Time resting spent in this place.
 E = Time spent auto-exploring this place.
 F = Levels seen in this place.
 G = Mean time per level.
                   A        B        C        D        E       F      G
               +--------+--------+--------+--------+--------+-----+--------+
         Total |   2272 |   2230 |     42 |     74 |   1661 |   3 |  757.3 |
       Dungeon |   2272 |   2230 |     42 |     74 |   1661 |   3 |  757.3 |
               +--------+--------+--------+--------+--------+-----+--------+

Top non-repeatable levels by time:
     D:2: 1412 daAuts
     D:1: 765 daAuts
     D:3: 94 daAuts
